 Dungeon Crawl Stone Soup version 0.22.1-2-g9c5b331383 (webtiles) character file.

3581 Revguard the Carver (level 9, -5/86 HPs)
             Began as a Minotaur Gladiator on Dec 15, 2018.
             Was a Priest of Trog.
             Slain by Erolcha
             ... wielding a +7 giant club
              (16 damage)
             ... on level 9 of the Dungeon.
             The game lasted 00:22:56 (7691 turns).

Revguard the Carver (Minotaur Gladiator)            Turns: 7691, Time: 00:22:57

Health: -5/86      AC: 12    Str: 23    XL:     9   Next: 84%
Magic:  8/8        EV: 13    Int:  5    God:    Trog [***...]
Gold:   179        SH:  0    Dex: 14    Spells: 8/8 levels left

rFire    + + .     SeeInvis .   B - +2 falchion
rCold    x . .     Gourm    .   (no shield)
rNeg     + . .     Faith    +   K - +0 fire dragon scales
rPois    .         Spirit   .   c - +0 hat
rElec    .         Reflect  .   (no cloak)
rCorr    .         Harm     .   (no gloves)
MR       .....     Clarity  +   p - +0 pair of boots
Stlth    ..........             r - amulet of faith
HPRegen  0.24/turn              k - +3 ring of strength
MPRegen  0.11/turn              A - ring of positive energy

@: no status effects
A: retaliatory headbutt, horns 2, clarity, robust 1, evolution 1
a: Berserk, Trog's Hand, Renounce Religion


You were on level 9 of the Dungeon.
You worshipped Trog.
Trog was most pleased with you.
You were not hungry.

You visited 1 branch of the dungeon, and saw 9 of its levels.
You also visited: Ossuary.

You collected 507 gold pieces.
You spent 328 gold pieces at shops.

Inventory:

Hand Weapons
 B - a +2 falchion (weapon)
Missiles
 d - 3 throwing nets (quivered)
Armour
 c - a +0 hat (worn)
 p - a +0 pair of boots (worn)
 s - a +1 chain mail
 K - +0 fire dragon scales (worn)
Jewellery
 k - a +3 ring of strength (left hand)
 o - an uncursed amulet of rage
 r - an amulet of faith (around neck)
 y - an uncursed ring of protection from fire
 A - a ring of positive energy (right hand)
 E - an uncursed ring of flight
 G - an uncursed ring of see invisible
Wands
 a - a wand of paralysis (13)
 w - a wand of flame (15)
 I - a wand of random effects (52)
 P - a wand of polymorph (16)
 S - a wand of enslavement (8)
 U - a wand of iceblast (7)
Scrolls
 e - 5 scrolls of amnesia
 g - 5 scrolls of teleportation
 h - 2 scrolls of immolation {unknown}
 l - 4 scrolls of remove curse
 m - 2 scrolls of identify
 q - 3 scrolls of enchant weapon
 t - 2 scrolls of blinking
 C - 2 scrolls of magic mapping
 D - 3 scrolls of fog {unknown}
 L - 2 scrolls of enchant armour
 N - a scroll of torment
 O - a scroll of summoning {unknown}
Potions
 i - 4 potions of curing
 j - 7 potions of degeneration
 n - 6 potions of agility
 v - 4 potions of brilliance
 x - 4 potions of heal wounds
 z - 2 potions of lignification
 F - a potion of might
 H - a potion of magic
 J - a potion of haste
 M - a potion of ambrosia {unknown}
 R - a potion of mutation
 T - a potion of resistance {unknown}
Miscellaneous
 Q - a fan of gales
Comestibles
 f - 17 rations


   Skills:
 + Level 7.4 Fighting
 + Level 11.6 Long Blades
 - Level 2.0 Throwing
 + Level 9.3 Armour
 + Level 5.4 Dodging


You had 8 spell levels left.
You didn't know any spells.
Your spell library was empty.

Dungeon Overview and Level Annotations

Branches:
Dungeon (9/15)             Temple (0/1) D:7
   Lair: D:8-11         Orc: D:9-12

Altars:
Cheibriados
Gozag
Makhleb
Okawaru
Qazlal
Ru
Sif Muna
Trog
Wu Jian
Zin
The Shining One

Shops:
D:4 ?   D:6 ?   D:8 !

Annotations:
D:9 Erolcha


Innate Abilities, Weirdness & Mutations

You reflexively headbutt those who attack you in melee.
You have a pair of horns on your head.
You possess an exceptional clarity of mind.
You are robust. (+10% HP)
You evolve.


Message History

Erolcha is moderately wounded.
Erolcha completely misses you.
You hit Erolcha but do no damage.
Erolcha is moderately wounded.
Erolcha hits you with an enchanted giant club!
You hit Erolcha. You headbutt Erolcha, but do no damage.
Erolcha is moderately wounded.
You hit Erolcha.
Erolcha is moderately wounded.
Erolcha barely misses you. You furiously retaliate!
You headbutt Erolcha, but do no damage. You closely miss Erolcha.
You headbutt Erolcha, but do no damage.
Erolcha is moderately wounded.
Erolcha screams, "Erolcha crush your head!"
Erolcha hits you with an enchanted giant club!!
* * * LOW HITPOINT WARNING * * *
You hit Erolcha. Your headbutt misses Erolcha.
Erolcha is moderately wounded.
Erolcha hits you with an enchanted giant club!
You die...

### ##### #.#.
...# #.#.###.####
####.#>..#.'..#
###..'.###.#.##..
+
#...##...#...####
##.#
#.####.###.### #
[..# ####.#
#....<#.# .#
#.O@.# #.#####.#
## +.####
#..(....# #
##'###### #.###
#...## ###..##
##..# ##'## #...#


You could see Erolcha.

Vanquished Creatures
  A hippogriff (D:8)
  2 wraiths (Ossuary)
  Sigmund (D:2)
  Menkaure (D:5)
  Duvessa (D:5)
  An orc warrior (D:8)
  A black bear (D:6)
  3 phantoms
  An ice beast (D:8)
  A necrophage (D:9)
  A sky beast (D:6)
  3 centaurs
  3 ogres
  A big kobold (D:9)
  Dowan (D:5)
  3 wights (Ossuary)
  4 howler monkeys
  4 crimson imps
  2 bullfrog zombies
  7 hounds
  4 jellies
  An orc priest (D:4)
  3 orc wizards (D:5)
  2 iguanas
  Terence (D:2)
  Natasha (thrice) (D:2)
  5 worker ants
  A howler monkey skeleton (D:6)
  8 adders
  A shadow imp (D:6)
  An adder zombie (Ossuary)
  An adder skeleton (D:7)
  5 worms
  5 dart slugs
  3 leopard geckos
  14 orcs
  6 giant cockroaches
  4 goblins
  4 hobgoblins
  6 jackals
  14 kobolds
  3 quokkas
  2 ball python skeletons (Ossuary)
  8 bats
  4 frilled lizards
  2 hobgoblin skeletons (Ossuary)
  A kobold zombie (Ossuary)
  3 orc zombies (Ossuary)
  13 rats
170 creatures vanquished.

Notes
Turn   | Place    | Note
-------+----------+-------------------------------------------
     0 | D:1      | Revguard the Minotaur Gladiator began the quest for the
                  | Orb.
     0 | D:1      | Reached XP level 1. HP: 18/18 MP: 0/0
   224 | D:1      | Reached skill level 4 in Long Blades
   224 | D:1      | Reached XP level 2. HP: 25/25 MP: 1/1
   540 | D:1      | Reached XP level 3. HP: 28/30 MP: 2/2
   878 | D:2      | Noticed Sigmund
   892 | D:2      | Reached skill level 1 in Armour
   895 | D:2      | Killed Sigmund
   895 | D:2      | Reached skill level 5 in Long Blades
   895 | D:2      | Reached XP level 4. HP: 26/38 MP: 3/3
   895 | D:2      | Reached XP level 5. HP: 31/45 MP: 4/4
   980 | D:2      | Noticed Terence
   991 | D:2      | Killed Terence
   991 | D:2      | Reached skill level 6 in Long Blades
  1290 | D:2      | Noticed Natasha
  1301 | D:2      | Killed Natasha
  1301 | D:2      | Reached XP level 6. HP: 35/51 MP: 5/5
  1420 | D:2      | Noticed Natasha
  1429 | D:2      | Killed Natasha
  1707 | D:2      | Noticed Natasha
  1715 | D:2      | Killed Natasha
  1816 | D:3      | Found an ornate altar of the Wu Jian Council.
  2374 | D:3      | Found a bloodstained altar of Trog.
  2520 | D:3      | Became a worshipper of Trog the Wrathful
  2703 | D:4      | Found a deep blue altar of Sif Muna.
  2879 | D:4      | Reached skill level 7 in Long Blades
  2893 | D:4      | Reached XP level 7. HP: 21/59 MP: 6/6
  3135 | D:4      | Found Rumik's Magic Scroll Emporium.
  3199 | D:4      | Found an iron altar of Okawaru.
  3664 | D:5      | Entered Level 5 of the Dungeon
  3689 | D:5      | Found a stormy altar of Qazlal.
  3782 | D:5      | Reached * piety under Trog
  3852 | D:5      | Reached skill level 8 in Long Blades
  3952 | D:5      | Noticed Menkaure
  3957 | D:5      | Killed Menkaure
  3957 | D:5      | Reached skill level 5 in Armour
  3995 | D:5      | Reached skill level 5 in Fighting
  3995 | D:5      | Reached XP level 8. HP: 51/68 MP: 7/7
  4042 | D:5      | Noticed Duvessa
  4044 | D:5      | Noticed Dowan
  4054 | D:5      | Killed Duvessa
  4075 | D:5      | Killed Dowan
  4075 | D:5      | Reached skill level 9 in Long Blades
  4075 | D:5      | Reached skill level 5 in Dodging
  4333 | D:5      | Found a snail-covered altar of Cheibriados.
  4337 | D:5      | Found a glowing silver altar of Zin.
  4342 | D:5      | Found an opulent altar of Gozag.
  4719 | D:6      | Found a sand-covered staircase.
  4781 | Ossuary  | Entered an ossuary
  4868 | Ossuary  | Reached ** piety under Trog
  4892 | Ossuary  | Noticed a flying skull
  4900 | Ossuary  | Noticed a flying skull
  4904 | Ossuary  | Noticed a flying skull
  4930 | Ossuary  | Noticed a flying skull
  4959 | Ossuary  | Noticed a flying skull
  5219 | Ossuary  | Reached skill level 10 in Long Blades
  5396 | D:6      | Found Naghokho's Magic Scroll Shoppe.
  5406 | D:6      | Bought a scroll of enchant armour for 82 gold pieces
  5406 | D:6      | Bought a scroll of identify for 22 gold pieces
  5443 | D:6      | Reached XP level 9. HP: 78/78 MP: 8/8
  5834 | D:7      | Found a glowing golden altar of the Shining One.
  5872 | D:7      | Found a staircase to the Ecumenical Temple.
  6035 | D:7      | Found a sacrificial altar of Ru.
  6704 | D:8      | Reached skill level 11 in Long Blades
  6725 | D:8      | Found Zicyhoos's Distillery.
  6732 | D:8      | Bought a potion of mutation for 112 gold pieces
  6732 | D:8      | Bought a potion of mutation for 112 gold pieces
  6732 | D:8      | Gained mutation: You evolve. [potion of mutation]
  6732 | D:8      | Gained mutation: You are robust. (+10% HP) [potion of
                  | mutation]
  6732 | D:8      | Gained mutation: You possess an exceptional clarity of
                  | mind. [potion of mutation]
  6848 | D:8      | Found a burning altar of Makhleb.
  7443 | D:9      | Reached *** piety under Trog
  7679 | D:9      | Noticed Erolcha
  7691 | D:9      | Slain by Erolcha

Skill      XL: |  1  2  3  4  5  6  7  8  9 |
---------------+----------------------------+-----
Long Blades    | 4 5 6 7 8 10 11 | 11.6
Armour         | 2 3 5 7 9 |  9.3
Fighting       | 3 4 5 6 7 |  7.4
Dodging        | 4 5 |  5.4
Throwing       | |  2.0

Action                   |  1- 3 |  4- 6 |  7- 9 || total
-------------------------+-------+-------+-------++-------
Melee: Long sword        |    52 |   122 |   132 ||   306
       Headbutt          |     7 |    26 |    82 ||   115
       Falchion          |       |       |   197 ||   197
  Use: Scroll            |       |     4 |    16 ||    20
       Potion            |       |       |     2 ||     2
  Eat: Chunk             |       |     5 |    13 ||    18
       Ration            |       |       |     1 ||     1
Armor: Leather armour    |    13 |    10 |       ||    23
       Chain mail        |       |    37 |    94 ||   131
       Fire dragon scale |       |       |    30 ||    30
Dodge: Dodged            |    52 |    63 |   163 ||   278
       Rpst.: Long sword |    11 |    16 |    16 ||    43
       Falchion          |       |       |    29 ||    29
